 Dungeon Crawl Stone Soup version 0.27-a0-550-ge92ec0ca06 (webtiles) character file.

Game seed: 9748315598543735596

93 gruber the Cudgeller (level 4, -3/45 HPs)
             Began as an Ogre Warper on Mar 7, 2021.
             Slain by Grinder (5 damage)
             ... on level 3 of the Dungeon.
             The game lasted 00:02:23 (2296 turns).

gruber the Cudgeller (Ogre Warper)                  Turns: 2296, Time: 00:02:24

Health: -3/45      AC:  3    Str: 16    XL:     4   Next: 62%
Magic:  7/7        EV:  9    Int: 14    God:
Gold:   64         SH:  0    Dex:  8    Spells: 1/7 levels left

rFire    . . .     SeeInvis .   a - +0 mace
rCold    . . .     Faith    .   (no shield)
rNeg     . . .     Spirit   .   b - +0 robe
rPois    .         Reflect  .   (helmet restricted)
rElec    .         Harm     .   (no cloak)
rCorr    .         Rampage  .   (gloves unavailable)
Will     .....                  (boots unavailable)
Stlth    +.........             (no amulet)
HPRegen  0.15/turn              (no ring)
MPRegen  0.10/turn              (no ring)

@: no status effects
A: large, unfitting armour, tough skin 1
a: no special abilities


You were on level 3 of the Dungeon.
You visited 1 branch of the dungeon, and saw 3 of its levels.

You collected 64 gold pieces.

Inventory:

Hand Weapons
 a - a +0 mace (weapon)
 m - a +0 hunting sling
Missiles
 c - 63 stones
 e - 3 boomerangs of dispersal (quivered)
Armour
 b - a +0 robe (worn)
 h - a +0 kite shield
Wands
 l - a wand of paralysis (5)
Scrolls
 d - a scroll of blinking
 f - 2 scrolls of immolation {unknown}
 i - a scroll of amnesia {unknown}
 k - a scroll of random uselessness {unknown}
Potions
 g - a potion of might {unknown}
 j - a potion of brilliance {unknown}


   Skills:
 * Level 3.4 Fighting
 - Level 4.0 Maces & Flails
 - Level 1.0 Throwing
 - Level 2.1 Dodging
 - Level 2.4 Spellcasting
 - Level 2.6 Translocations


You had one spell level left.
You knew the following spells:

 Your Spells              Type           Power      Damage    Failure   Level
a - Blink                 Tloc           N/A        N/A       12%         2
b - Teleport Other        Tloc           9%         N/A       22%         3
c - Beastly Appendage     Tmut           2%         N/A       22%         1

Your spell library contained the following spells:

 Spells                   Type           Power      Damage    Failure   Level
 Corona                   Hex            1%         N/A       22%         1
 Gell's Gravitas          Tloc           4%         N/A       22%         3
 Lesser Beckoning         Tloc           4%         N/A       22%         3
 Ensorcelled Hibernation  Hex/Ice        2%         N/A       34%         2
 Wereblood                Tmut           1%         N/A       34%         2
 Confusing Touch          Hex            1%         N/A       56%         3
 Dazzling Flash           Conj/Hex       2%         N/A       56%         3
 Spider Form              Tmut/Pois      0%         N/A       56%         3
 Tukima's Dance           Hex            1%         N/A       56%         3
 Manifold Assault         Tloc           9%         N/A       58%         4
 Ice Form                 Ice/Tmut       1%         N/A       92%         4
 Blade Hands              Tmut           0%         N/A       99%         5


Dungeon Overview and Level Annotations

Branches:
Dungeon (3/15)

Altars:
Xom

Annotations:
D:3 Grinder


Innate Abilities, Weirdness & Mutations

You are too large for most types of armour.
You have tough skin. (AC +1)


Message History

Casting: Beastly Appendage (safe; 22% risk of failure)
Confirm with . or Enter, or press ? or * to list all spells.
The spell is quite dangerous to cast (22% risk of failure)!
Continue anyway?
Okay, then.
Unknown command.
Unknown command.
Casting: Teleport Other (quite dangerous; 22% risk of failure)
Confirm with . or Enter, or press ? or * to list all spells.
Okay, then.
Grinder barely misses you.
Unknown command.
Unknown command.
You hit Grinder. You claw Grinder, but do no damage. You headbutt Grinder.
Grinder is lightly wounded.
Grinder hits you!
You closely miss Grinder.
Grinder is lightly wounded.
Grinder gestures at you.
You suddenly lose the ability to move!
Grinder zaps a wand.
The puff of flame hits you! Grinder hits you but does no damage.
You can move again.
Unknown command.
Unknown command.
Unknown command.
You barely miss Grinder.
Grinder is lightly wounded.
Grinder hits you!
You writhe in agony.
You hit Grinder but do no damage. Your kick misses Grinder.
Grinder is lightly wounded.
Grinder hits you!
You writhe in agony.
* * * LOW HITPOINT WARNING * * *
Grinder hits you but does no damage.
You sock Grinder! Your headbutt misses Grinder.
Grinder is moderately wounded.
Your horns disappear.
Your talons disappear.
Grinder hits you!
* * * LOW HITPOINT WARNING * * *
You writhe in agony.
You die...

#.....#####.###.....
#...........# ##.###
#.....####### #.#
#.....# #.# ###.###
#+# #.# #.# #.##.##
#@....#
......5..>.....
.########...### .$##
.## #


You could see Grinder.

Vanquished Creatures
  A hound (D:2)
  2 adders (D:2)
  An ooze (D:1)
  A dart slug (D:1)
  A giant cockroach (D:1)
  2 goblins
  7 hobgoblins
  3 jackals (D:1)
  7 kobolds
  2 quokkas (D:2)
  A ball python (D:1)
  4 bats
  3 frilled lizards
  3 rats
38 creatures vanquished.

Notes
Turn   | Place    | Note
-------+----------+-------------------------------------------
     0 | D:1      | gruber the Ogre Warper began the quest for the Orb.
     0 | D:1      | Reached XP level 1. HP: 22/22 MP: 3/3
    15 | D:1      | Reached skill level 2 in Maces & Flails
   304 | D:1      | Reached XP level 2. HP: 29/29 MP: 5/5
   644 | D:1      | Reached skill level 3 in Maces & Flails
   727 | D:1      | Reached XP level 3. HP: 27/36 MP: 6/6
   920 | D:2      | Reached XP level 4. HP: 33/44 MP: 7/7
  1268 | D:2      | Learned a level 2 spell: Blink
  1272 | D:2      | Learned a level 3 spell: Teleport Other
  1298 | D:2      | Learned a level 1 spell: Beastly Appendage
  1619 | D:2      | Reached skill level 4 in Maces & Flails
  1905 | D:2      | Found a shimmering altar of Xom.
  2286 | D:3      | Noticed Grinder
  2291 | D:3      | Paralysed by Grinder for 3 turns
  2296 | D:3      | HP: 2/45 [Grinder (9)]
  2296 | D:3      | Slain by Grinder

Illustrated notes

Levels and vault maps discovered:
D:1:      scummos_arrival_simple_crosswalls, layout_rooms
D:2:      layout_basic, xom_teletrap_fun, serial_glass, glass_columns_a,
          glass_columns_b, glass_columns_c
D:3:      layout_loops_corners, hangedman_abyss_or_decor_stabs, st_stairs_6,
          uniq_grinder

Skill      XL: |  1  2  3  4 |
---------------+-------------+-----
Maces & Flails | 2 3 4 |  4.0
Fighting       | 3 |  3.4
Throwing       | |  1.0
Dodging        | |  2.1
Spellcasting   | |  2.4
Translocations | |  2.6

Action                   |  1- 3 |  4- 6 || total
-------------------------+-------+-------++-------
Melee: Mace              |    69 |    56 ||   125
       Kick              |       |     1 ||     1
       Headbutt          |       |     1 ||     1
Throw: Boomerang         |     2 |       ||     2
 Cast: Beastly Appendage |       |     1 ||     1
Armor: Robe              |    42 |    14 ||    56
Dodge: Dodged            |    56 |    29 ||    85

Table legend: (Time is in decaauts)
 A = Elapsed time spent in this place.
 B = Non-inter-level travel time spent in this place.
 C = Inter-level travel time spent in this place.
 D = Time resting spent in this place.
 E = Time spent auto-exploring this place.
 F = Levels seen in this place.
 G = Mean time per level.
                   A        B        C        D        E       F      G
               +--------+--------+--------+--------+--------+-----+--------+
         Total |   2325 |   2277 |     48 |      0 |   1953 |   3 |  775.0 |
       Dungeon |   2325 |   2277 |     48 |      0 |   1953 |   3 |  775.0 |
               +--------+--------+--------+--------+--------+-----+--------+

Top non-repeatable levels by time:
     D:2: 1254 daAuts
     D:1: 886 daAuts
     D:3: 185 daAuts
